PCL
MEXICO CITY CERVECEROS @ LAS VEGAS STARS
05/17/2030
 
TOP OF THE 1ST
Mexico City Cerveceros batting - Pitching for Las Vegas Stars : RHP Manuel González
Pitching: RHP Manuel González
Batting: RHB Juan Estrada 0-0: Called Strike
0-1: Ball
1-1: SOLO HOME RUN (Flyball, 7D), Distance : 407 ft
Batting: LHB Rafael Delgado 0-0: Called Strike
0-1: TRIPLE (Flyball, 7LD)
Batting: LHB Mike Harris 0-0: Ball
1-0: Ground out 1-3 (Groundball, 15)
Batting: LHB Dan Hamilton 0-0: Ball
1-0: Ball
2-0: Fly out, F4 (Popup, 4S)
Batting: RHB Ray Ervin 0-0: Called Strike
0-1: Ground out 5-3 (Groundball, 56)
Top of the 1st over - 1 run, 2 hits, 0 errors, 1 left on base; Mexico City 1 - Las Vegas 0
BOTTOM OF THE 1ST
Las Vegas Stars batting - Pitching for Mexico City Cerveceros : RHP Li-cong Sima
Pitching: RHP Li-cong Sima
Batting: LHB Alberto Varela 0-0: Called Strike
0-1: Foul Ball, location: 2F
0-2: Strikes out swinging
Batting: RHB Tomás Díaz 0-0: Called Strike
0-1: Called Strike
0-2: Foul Ball, location: 2F
0-2: Ball
1-2: Ball
2-2: Strikes out swinging
Batting: LHB Edward Rose 0-0: Called Strike
0-1: Ground out 4-3 (Groundball, 4)
Bottom of the 1st over - 0 runs, 0 hits, 0 errors, 0 left on base; Mexico City 1 - Las Vegas 0
TOP OF THE 2ND
Mexico City Cerveceros batting - Pitching for Las Vegas Stars : RHP Manuel González
Batting: LHB John Bond 0-0: Ball
1-0: Swinging Strike
1-1: SOLO HOME RUN (Flyball, 9LD), Distance : 390 ft
Batting: RHB Esteban Concepción 0-0: Swinging Strike
0-1: SINGLE (Line Drive, 78M)
Batting: RHB Eliot James 0-0: Ball
1-0: Foul Ball, location: 2F
1-1: Ball
2-1: Ball
3-1: Ground out 4-3 (Groundball, 34)
Esteban Concepción to second
Batting: RHB John Dinkins 0-0: Called Strike
0-1: Ground out 3-1 (Groundball, 34)
Esteban Concepción to third
Batting: RHB Juan Estrada 0-0: Called Strike
0-1: Called Strike
0-2: Strikes out swinging
Top of the 2nd over - 1 run, 2 hits, 0 errors, 1 left on base; Mexico City 2 - Las Vegas 0
BOTTOM OF THE 2ND
Las Vegas Stars batting - Pitching for Mexico City Cerveceros : RHP Li-cong Sima
Batting: SHB Júlio Salazar 0-0: SINGLE (Flyball, 78S)
Batting: RHB Barney Lawson 0-0: SINGLE (Flyball, 9LM)
Júlio Salazar to second
Runner from 2nd tries for 3rd, SAFE, no throw
Batting: RHB Augusto Trevino 0-0: Called Strike
0-1: Ball
1-1: Ball
2-1: Fly out, F4 (Line Drive, 4)
Batting: RHB Paco Castillo 0-0: Called Strike
0-1: Grounds into double play, 5-4-3 (Groundball, 5)
Bottom of the 2nd over - 0 runs, 2 hits, 0 errors, 1 left on base; Mexico City 2 - Las Vegas 0
TOP OF THE 3RD
Mexico City Cerveceros batting - Pitching for Las Vegas Stars : RHP Manuel González
Batting: LHB Rafael Delgado 0-0: Ground out 6-3 (Groundball, 6)
Batting: LHB Mike Harris 0-0: Called Strike
0-1: Swinging Strike
0-2: Ball
1-2: Foul Ball, location: 2F
1-2: SINGLE (Line Drive, 4)
Batting: LHB Dan Hamilton 0-0: Ball
1-0: SINGLE (Line Drive, 34D)
Mike Harris to second
Runner from 2nd tries for 3rd, SAFE, no throw
Batting: RHB Ray Ervin 0-0: Ball
Dan Hamilton is caught stealing 2nd base
1-0: Foul Ball, location: 2F
1-1: Ground out 6-3 (Groundball, 6)
Top of the 3rd over - 0 runs, 2 hits, 0 errors, 1 left on base; Mexico City 2 - Las Vegas 0
BOTTOM OF THE 3RD
Las Vegas Stars batting - Pitching for Mexico City Cerveceros : RHP Li-cong Sima
Batting: RHB Gilberto Silva 0-0: Ball
1-0: Called Strike
1-1: Ball
2-1: Foul Ball, location: 2F
2-2: Strikes out looking
Batting: RHB Gabriel Miranda 0-0: Ball
1-0: Ball
2-0: SINGLE (Flyball, 8LS)
Batting: LHB Alberto Varela 0-0: Ball
1-0: Ball
2-0: Fly out, F7 (Flyball, 7S)
Batting: RHB Tomás Díaz 0-0: Ground out 1-3 (Groundball, P)
Bottom of the 3rd over - 0 runs, 1 hit, 0 errors, 1 left on base; Mexico City 2 - Las Vegas 0
TOP OF THE 4TH
Mexico City Cerveceros batting - Pitching for Las Vegas Stars : RHP Manuel González
Batting: LHB John Bond 0-0: Ball
1-0: Foul Ball, location: 2F
1-1: Ball
2-1: Foul Ball, location: 2F
2-2: Strikes out swinging
Batting: RHB Esteban Concepción 0-0: Called Strike
0-1: Ball
1-1: Ball
2-1: Fly out, F8 (Flyball, 8LXD)
Batting: RHB Eliot James 0-0: Ball
1-0: Called Strike
1-1: Foul Ball, location: 2F
1-2: Fly out, F7 (Flyball, 7LM)
Top of the 4th over - 0 runs, 0 hits, 0 errors, 0 left on base; Mexico City 2 - Las Vegas 0
BOTTOM OF THE 4TH
Las Vegas Stars batting - Pitching for Mexico City Cerveceros : RHP Li-cong Sima
Batting: LHB Edward Rose 0-0: Fly out, F6 (Line Drive, 6M)
Batting: SHB Júlio Salazar 0-0: Called Strike
0-1: Ball
1-1: Ball
2-1: Swinging Strike
2-2: Strikes out swinging, 2-3 out at first.
Batting: RHB Barney Lawson 0-0: Ball
1-0: Ball
2-0: Reached on error, E3 (Groundball, 34)
Batting: RHB Augusto Trevino 0-0: Ball
1-0: Swinging Strike
1-1: Ball
2-1: Swinging Strike
2-2: Foul Ball, location: 2F
2-2: Ball
3-2: Foul Ball, location: 2F
3-2: Foul Ball, location: 2F
3-2: Strikes out swinging
Bottom of the 4th over - 0 runs, 0 hits, 1 error, 1 left on base; Mexico City 2 - Las Vegas 0
TOP OF THE 5TH
Mexico City Cerveceros batting - Pitching for Las Vegas Stars : RHP Manuel González
Batting: RHB John Dinkins 0-0: DOUBLE (Flyball, 8LXD)
Batting: RHB Juan Estrada 0-0: Foul Ball, location: 2F
0-1: SINGLE (Line Drive, 34D)
John Dinkins to third
Batting: LHB Rafael Delgado 0-0: Called Strike
0-1: Swinging Strike
0-2: Strikes out swinging
Batting: LHB Mike Harris 0-0: Ball
1-0: SINGLE (Groundball, 56D)
John Dinkins scores
Juan Estrada to second
Batting: LHB Dan Hamilton 0-0: Foul Ball, location: 2F
0-1: DOUBLE (Line Drive, 9LD)
Juan Estrada scores
Mike Harris to third
Runner from 3rd tries for Home, SAFE, throw made at trailing runner, OUT at third!
Batting: RHB Ray Ervin 0-0: Ball
1-0: SINGLE (Groundball, 6MD)
Batting: LHB John Bond 0-0: Foul Ball, location: 2F
0-1: Foul Ball, location: 2F
0-2: Fly out, F8 (Flyball, 8LXD)
Top of the 5th over - 3 runs, 5 hits, 0 errors, 1 left on base; Mexico City 5 - Las Vegas 0
BOTTOM OF THE 5TH
Las Vegas Stars batting - Pitching for Mexico City Cerveceros : RHP Li-cong Sima
Batting: RHB Paco Castillo 0-0: Called Strike
0-1: Ball
1-1: Ball
2-1: Foul Ball, location: 2F
2-2: Foul Ball, location: 2F
2-2: Strikes out swinging
Batting: RHB Gilberto Silva 0-0: Ball
1-0: Ground out 5-3 (Groundball, 56)
Batting: RHB Gabriel Miranda 0-0: Ball
1-0: Ball
2-0: Ball
3-0: Called Strike
3-1: Ground out 6-3 (Groundball, 6)
Bottom of the 5th over - 0 runs, 0 hits, 0 errors, 0 left on base; Mexico City 5 - Las Vegas 0
TOP OF THE 6TH
Mexico City Cerveceros batting - Pitching for Las Vegas Stars : RHP Manuel González
Batting: RHB Esteban Concepción 0-0: Ground out 4-3 (Groundball, 4)
Batting: RHB Eliot James 0-0: SINGLE (Groundball, 56D)
Batting: RHB John Dinkins 0-0: Ground out 4-3 (Groundball, 34)
Eliot James to second
Batting: RHB Juan Estrada 0-0: Ball
1-0: Ball
2-0: Fly out, F9 (Flyball, 89M)
Top of the 6th over - 0 runs, 1 hit, 0 errors, 1 left on base; Mexico City 5 - Las Vegas 0
BOTTOM OF THE 6TH
Las Vegas Stars batting - Pitching for Mexico City Cerveceros : RHP Li-cong Sima
Batting: LHB Alberto Varela 0-0: Ball
1-0: Foul Ball, location: 2F
1-1: Ball
2-1: Foul Ball, location: 2F
2-2: Foul Ball, location: 2F
2-2: Foul Ball, location: 2F
2-2: Ball
3-2: Ground out 4-3 (Groundball, 4)
Batting: RHB Tomás Díaz 0-0: SINGLE (Groundball, 6MD)
Batting: LHB Edward Rose 0-0: Ball
Tomás Díaz steals 2nd base
1-0: Swinging Strike
1-1: Ball
2-1: Fly out, F4 (Line Drive, 34D)
Batting: SHB Júlio Salazar 0-0: Called Strike
0-1: SINGLE (Line Drive, 34D)
Tomás Díaz to third
Batting: RHB Barney Lawson 0-0: Ball
1-0: Called Strike
1-1: Ball
2-1: Foul Ball, location: 2F
2-2: Ball
3-2: Ground out 5-3 (Groundball, 56S)
Bottom of the 6th over - 0 runs, 2 hits, 0 errors, 2 left on base; Mexico City 5 - Las Vegas 0
TOP OF THE 7TH
Mexico City Cerveceros batting - Pitching for Las Vegas Stars : RHP Manuel González
Batting: LHB Rafael Delgado 0-0: Ball
1-0: Called Strike
1-1: Called Strike
1-2: Ball
2-2: Strikes out swinging
Batting: LHB Mike Harris 0-0: Ball
1-0: Foul Ball, location: 2F
1-1: Ground out 4-3 (Groundball, 4)
Batting: LHB Dan Hamilton 0-0: Ball
1-0: Ball
2-0: Swinging Strike
2-1: Swinging Strike
2-2: Ball
3-2: Ground out 3-1 (Groundball, 34S)
Top of the 7th over - 0 runs, 0 hits, 0 errors, 0 left on base; Mexico City 5 - Las Vegas 0
BOTTOM OF THE 7TH
Las Vegas Stars batting - Pitching for Mexico City Cerveceros : RHP Li-cong Sima
Batting: RHB Augusto Trevino 0-0: Ball
1-0: Ball
2-0: Ball
3-0: Called Strike
3-1: Base on Balls
Batting: RHB Paco Castillo 0-0: Ball
Augusto Trevino is caught stealing 2nd base
1-0: Foul Ball, location: 2F
1-1: Ball
2-1: Ball
3-1: Foul Ball, location: 2F
3-2: Fly out, F9 (Flyball, 9D)
Batting: RHB Gilberto Silva 0-0: Foul Ball, location: 2F
0-1: Ball
1-1: Foul Ball, location: 2F
1-2: Ball
2-2: SINGLE (Groundball, 6MD)
Batting: RHB Gabriel Miranda 0-0: Swinging Strike
0-1: Ground out 1-3 (Groundball, P)
Bottom of the 7th over - 0 runs, 1 hit, 0 errors, 1 left on base; Mexico City 5 - Las Vegas 0
TOP OF THE 8TH
Mexico City Cerveceros batting - Pitching for Las Vegas Stars : RHP Manuel González
Pitching: RHP Alberto Márquez
Batting: RHB Ray Ervin 0-0: Called Strike
0-1: Ball
1-1: Ball
2-1: Ball
3-1: Called Strike
3-2: DOUBLE (Groundball, 5L)
Batting: LHB John Bond 0-0: Swinging Strike
0-1: Ball
1-1: Ball
2-1: SINGLE (Groundball, 56D)
Ray Ervin to third
Batting: RHB Esteban Concepción 0-0: Called Strike
0-1: Called Strike
0-2: Ball
1-2: Strikes out looking
Batting: RHB Eliot James 0-0: Ball
1-0: Ball
2-0: Called Strike
2-1: SINGLE (Line Drive, 89M)
Ray Ervin scores
John Bond to second
Runner from 2nd tries for 3rd, OUT!
Eliot James to second
Batting: RHB John Dinkins 0-0: Ground out 4-3 (Groundball, 4)
Top of the 8th over - 1 run, 3 hits, 0 errors, 1 left on base; Mexico City 6 - Las Vegas 0
BOTTOM OF THE 8TH
Las Vegas Stars batting - Pitching for Mexico City Cerveceros : RHP Li-cong Sima
Now at 1B: Tim Adkins
Now in RF: Lee Price
Batting: LHB Alberto Varela 0-0: Fly out, F8 (Flyball, 8LM)
Batting: RHB Tomás Díaz 0-0: Called Strike
0-1: Ball
1-1: Ground out 6-3 (Groundball, 6)
Batting: LHB Edward Rose 0-0: Ground out 6-3 (Groundball, 6)
Bottom of the 8th over - 0 runs, 0 hits, 0 errors, 0 left on base; Mexico City 6 - Las Vegas 0
TOP OF THE 9TH
Mexico City Cerveceros batting - Pitching for Las Vegas Stars : RHP Alberto Márquez
Batting: RHB Juan Estrada 0-0: Ground out 3-1 (Groundball, 23)
Batting: LHB Rafael Delgado 0-0: Foul Ball, location: 2F
0-1: Called Strike
0-2: SINGLE (Line Drive, 56D)
Batting: LHB Mike Harris 0-0: Ball
Rafael Delgado steals 2nd base
1-0: Ball
2-0: Ball
3-0: Called Strike
3-1: Swinging Strike
3-2: Fly out, F8 (Flyball, 8LS)
Batting: LHB Dan Hamilton 0-0: Ball
1-0: Foul Ball, location: 2F
1-1: Ball
2-1: Ball
3-1: Base on Balls
Batting: RHB Ray Ervin 0-0: Foul Ball, location: 2F
0-1: Called Strike
0-2: Foul Ball, location: 2F
0-2: Foul Ball, location: 2F
0-2: Ball
1-2: Foul Ball, location: 2F
1-2: Fielders Choice at 2nd, 5-4 (Groundball, 56)
Top of the 9th over - 0 runs, 1 hit, 0 errors, 2 left on base; Mexico City 6 - Las Vegas 0
BOTTOM OF THE 9TH
Las Vegas Stars batting - Pitching for Mexico City Cerveceros : RHP Li-cong Sima
Now at 3B: Gary Kern
Batting: SHB Júlio Salazar 0-0: Called Strike
0-1: Called Strike
0-2: Ball
1-2: Strikes out swinging
Batting: RHB Barney Lawson 0-0: Ground out 5-3 (Groundball, 56S)
Batting: RHB Augusto Trevino 0-0: Ball
1-0: Ball
2-0: Ball
3-0: Base on Balls
Batting: RHB Paco Castillo 0-0: Foul Ball, location: 2F
0-1: Foul Ball, location: 2F
0-2: Ball
1-2: Fly out, F7 (Flyball, 7)
Bottom of the 9th over - 0 runs, 0 hits, 0 errors, 1 left on base; Mexico City 6 - Las Vegas 0
Saturday, April 7th, 2018 - OOTP Baseball 18.8 Build 76